 Dungeon Crawl Stone Soup version 0.25.1-2-g60ff931df9 (webtiles) character file.

Game seed: 11230744104963454409

17 lepoulpe303 the Ruffian (level 2, -4/26 HPs)
             Began as a Ghoul Monk on Oct 27, 2020.
             Killed by divine providence
             ... invoked by an orc priest
              (15 damage)
             ... on level 2 of the Dungeon.
             The game lasted 00:01:52 (1192 turns).

lepoulpe303 the Ruffian (Ghoul Monk)                Turns: 1192, Time: 00:01:53

Health: -4/26      AC: 10    Str: 14    XL:     2   Next: 62%
Magic:  1/1        EV:  4    Int:  5    God:
Gold:   82         SH:  0    Dex: 11    Spells: 1/1 levels left

rFire    x . .     SeeInvis .     - Unarmed
rCold    + + .     Gourm    .   (no shield)
rNeg     + + +     Faith    .   d - +0 plate armour
rPois    ∞         Spirit   .   (no helmet)
rElec    .         Reflect  .   (no cloak)
rCorr    .         Harm     .   (no gloves)
MR       .....                  (no boots)
Stlth    ..........             (no amulet)
HPRegen  0.00/turn              j - ring of ice {rC+, rF-}
MPRegen  0.07/turn              (no ring)

@: rotting
A: rotting body, claws 1, carnivore, cold resistance 1, negative energy
resistance 3, inhibited regeneration, torment resistance, unbreathing
a: no special abilities


You were on level 2 of the Dungeon.
You were hungry.

You visited 1 branch of the dungeon, and saw 2 of its levels.

You collected 82 gold pieces.

Inventory:

Armour
 a - a +0 robe
 d - a +0 plate armour (worn)
Jewellery
 j - a ring of ice (left claw) {rC+, rF-}
 m - an uncursed ring of stealth {Stlth+}
Scrolls
 b - a scroll of noise {unknown}
 c - a scroll of amnesia {unknown}
 l - a scroll of teleportation {unknown}
Potions
 f - 2 potions of curing {unknown}
 g - 3 potions of might {unknown}
 h - a potion of lignification {unknown}
 i - a potion of stabbing {unknown}
Comestibles
 e - 7 rations
 k - 5 chunks of flesh


   Skills:
 + Level 3.5 Fighting
 * Level 0.6 Armour
 + Level 2.8 Dodging
 - Level 2.1 Stealth
 * Level 3.7 Unarmed Combat


You had one spell level left.
You didn't know any spells.
Your spell library was empty.

Dungeon Overview and Level Annotations

Branches:
Dungeon (2/15)

Altars:


Innate Abilities, Weirdness & Mutations

Your body is rotting away.
You thrive on raw meat.
You are immune to poison.
You have sharp fingernails.
You are carnivorous and can eat meat at any time.
Your flesh is cold resistant. (rC+)
You are immune to negative energy. (rN+++)
You do not regenerate when monsters are visible.
You are immune to unholy pain and torment.
You can survive without breathing.


Message History

The orc priest hits you but does no damage.
Found a stone staircase leading down.
You scratch the orc priest but do no damage.
You scratch the orc priest.
You scratch the orc priest but do no damage.
The orc priest looks braver for a moment.
The hobgoblin hits you but does no damage.
The orc warrior hits you but does no damage.
You scratch the orc priest.
The hobgoblin hits you but does no damage.
The orc warrior hits you with a +0 war axe!
Ouch! That really hurt!
* * * LOW HITPOINT WARNING * * *
You take 15 damage, and have 11/26 hp.
MASSIVE DAMAGE!!
The orc priest hits you but does no damage.
The orc priest invokes the aid of Beogh against you.
Beogh smites you!
Ouch! That really hurt!
You die...

# ....## #..### #....
..... #...#
..##>##...####
.......o.....
#...>.l.o..##########
#.##. #Sg.......##.##
#....##oo.......(...##
#.@....#####.......
#####.## ##......##
#.# ##......##
#.###.......#
#........÷..#
#.###.......#
#.####.....####
#..............
########.......


You could see an orc priest, an orc and a hobgoblin.

Levels and vault maps discovered:
D:1:      onia_arrival_pyramid, layout_loops_ring
D:2:      layout_loops_ring, minmay_overflow_temple_star_quad,
          guppyfry_early_orc_mine

Notes
Turn   | Place    | Note
-------+----------+-------------------------------------------
     0 | D:1      | lepoulpe303 the Ghoul Monk began the quest for the Orb.
     0 | D:1      | Reached XP level 1. HP: 19/19 MP: 0/0
   176 | D:1      | Identified a +0 club
   237 | D:1      | Identified a +0 club
   237 | D:1      | Identified a cursed -1 club
   238 | D:1      | Identified a +0 club
   252 | D:1      | Reached XP level 2. HP: 16/26 MP: 1/1
   462 | D:1      | Identified a +0 club
  1008 | D:1      | Identified a +0 plate armour (You found it on level 1 of
                  | the Dungeon)
  1059 | D:2      | Identified a ring of ice (You found it on level 2 of the
                  | Dungeon)
  1079 | D:2      | Identified a +0 robe
  1079 | D:2      | Identified an uncursed ring of stealth
  1183 | D:2      | Identified a +0 club
  1183 | D:2      | Identified a +1 dagger of pain
  1183 | D:2      | Identified a +0 leather armour
  1183 | D:2      | Identified a +0 ring mail
  1184 | D:2      | Identified a +0 war axe
  1184 | D:2      | Identified a +0 chain mail
  1184 | D:2      | Noticed an orc warrior
  1185 | D:2      | Identified a +0 leather armour
  1185 | D:2      | Identified a +0 hand axe
  1185 | D:2      | Identified a +0 leather armour
  1192 | D:2      | Killed from afar by an orc priest

Table legend:
 A = Turns spent in this place as a percentage of turns spent in the entire game.
 B = Non-inter-level travel turns spent in this place as a percentage of non-inter-level travel turns spent in the entire game.
 C = Inter-level travel turns spent in this place as a percentage of turns spent in this place.
 D = Turns resting spent in this place as a percentage of non-inter-level travel turns spent in this place.
 E = Turns spent auto-exploring this place as a percentage of non-inter-level travel turns spent in this place.
 F = Non-inter-level travel turns spent in this place divided by the number of levels of this place that you've seen.
                   A       B       C       D       E      F
               +-------+-------+-------+-------+-------+----------------------
         Total | 100.0 | 100.0 |   7.7 |   3.5 |  82.6 | 550.0
       Dungeon | 100.0 | 100.0 |   7.7 |   3.5 |  82.6 | 550.0
               +-------+-------+-------+-------+-------+----------------------

Table legend:
 A = Kills in this place as a percentage of kills in entire the game.
 B = Kills by you in this place as a percentage of kills by you in the entire game.
 C = Kills by friends in this place as a percentage of kills by friends in the entire game.
 D = Other kills in this place as a percentage of other kills in the entire game.
 E = Experience gained in this place as a percentage of experience gained in the entire game.
 F = Experience gained in this place divided by the number of levels of this place that you have seen.
                   A       B       C       D       E      F
               +-------+-------+-------+-------+-------+----------------------
         Total | 100.0 | 100.0 |   N/A |   N/A | 100.0 |  12.5
       Dungeon | 100.0 | 100.0 |   N/A |   N/A | 100.0 |  12.5
               +-------+-------+-------+-------+-------+----------------------

Action                   || total
-------------------------++-------
Melee: Unarmed           ||    66
       Punch             ||     1
 Stab: Sleeping          ||     1
Armor: Robe              ||     9
       Plate armour      ||    27
Dodge: Dodged            ||    40

Vanquished Creatures
  5 bats
  A goblin (D:1)
  3 hobgoblins (D:1)
  5 kobolds
  4 frilled lizards
18 creatures vanquished.
